 Dungeon Crawl Stone Soup version 0.30-a0-937-ga0a21ad780 (webtiles) character file.

Game seed: 15168185957307724917

1513 ragingrage the Fighter (level 8, 0/74 HPs)
             Began as a White Draconian Cinder Acolyte on Mar 24, 2023.
             Was a High Priest of Ignis.
             Slain by a hornet (13 damage)
             ... while paralysed by a hornet
             ... on level 5 of the Dungeon.
             The game lasted 00:06:20 (6480 turns).

ragingrage the Fighter (DrCA)                       Turns: 6480, Time: 00:06:20

Health: 0/74       AC:  7    Str: 17    XL:     8   Next: 53%
Magic:  2/14       EV:  2    Int: 20    God:    Ignis [*****.]
Gold:   214        SH:  0    Dex:  9    Spells: 13/15 levels left

rFire   + . .      SeeInvis +    a - +7 hand axe "Tangac" {protect, rElec Int+6 SInv Stlth-}
rCold   + . .      Faith    .    (no shield)
rNeg    . . .      Spirit   .    (body armour unavailable)
rPois   .          Reflect  .    (helmet restricted)
rElec   +          Rampage  .    (no cloak)
rCorr   .                        y - +0 pair of gloves
Will    ++...                    (no boots)
Stlth   +                        (no amulet)
HPRegen 0.32/turn                q - ring of willpower
MPRegen 0.14/turn                i - ring of willpower

@: paralysed, lethally poisoned (0 -> -16), slowed
A: breathe frost, AC +6, unfitting armour, cold resistance 1, cold-blooded
a: Breathe Frost, Renounce Religion, Fiery Armour, Foxfire Swarm, Rising Flame


You were on level 5 of the Dungeon.
You worshipped Ignis.
Ignis was extremely pleased with you.
You visited 2 branches of the dungeon, and saw 6 of its levels.

You collected 319 gold pieces.
You spent 105 gold pieces at shops.

Inventory:

Hand Weapons
 a - the +7 hand axe "Tangac" (weapon) {protect, rElec Int+6 SInv Stlth-}
   (You found it on level 4 of the Dungeon)

   Int:       It affects your intelligence (+6).
   rElec:     It insulates you from electricity.
   SInv:      It lets you see invisible.
   Stlth:     It makes you less stealthy.
 b - a +0 shortbow
 v - a +0 rapier
Missiles
 h - 7 poisoned darts
Armour
 l - a scarf of shadows
 y - a +0 pair of gloves (worn)
 F - a +0 buckler
Magical Staves
 s - a staff of earth
 E - a staff of cold
Jewellery
 g - a ring of flight
 i - a ring of willpower (right hand)
 m - a ring of resist corrosion
 q - a ring of willpower (left hand)
Wands
 e - a wand of flame (10)
 r - a wand of iceblast (13)
Scrolls
 c - a scroll of amnesia {unknown}
 d - 2 scrolls of identify {unknown}
 f - a scroll of vulnerability {unknown}
 j - a scroll of brand weapon {unknown}
 k - a scroll of fog {unknown}
 n - 3 scrolls of teleportation
 o - a scroll of silence {unknown}
 p - a scroll of blinking
 t - 2 scrolls of fear {unknown}
 u - a scroll of poison {unknown}
Potions
 w - 2 potions of cancellation {unknown}
 x - a potion of flight {unknown}
 z - a potion of mutation {unknown}
 A - 2 potions of lignification {unknown}
 B - 2 potions of berserk rage {unknown}
 C - a potion of attraction {unknown}
 D - a potion of degeneration {unknown}


   Skills:
 - Level 8.0 Fighting
 - Level 3.0 Long Blades
 + Level 4.7 Axes
 - Level 2.0 Stealth
 - Level 4.0 Spellcasting
 - Level 4.1 Fire Magic
 - Level 2.0 Evocations


You had 13 spell levels left.
You knew the following spells:

 Your Spells              Type           Power      Damage    Failure   Level
a - Scorch                Fire           40%        2d7       3%          2

Your spell library contained the following spells:

 Spells                   Type           Power      Damage    Failure   Level


Dungeon Overview and Level Annotations

Branches:
Dungeon (5/15)             Temple (1/1) D:4

Altars:
Ashenzari
Cheibriados
Elyvilon
Fedhas
Kikubaaqudgha
Makhleb
Nemelex Xobeh
Qazlal
Ru
Sif Muna
Trog
Uskayaw
Vehumet
Wu Jian
Xom
Yredelemnul
The Shining One

Shops:
D:2 ?

Annotations:
D:4 Blork the orc


Innate Abilities, Weirdness & Mutations

You can breathe waves of freezing cold which knock back foes.
Your icy white scales are hard. (AC +6)
You cannot fit into any form of body armour.
Your flesh is cold resistant. (rC+)
You are cold-blooded and may be slowed by cold attacks.


Message History

Aim: a hornet (lightly wounded, more vulnerable to fire, 52% to hit)
Okay, then.
You slash the hornet!
Your weapon exudes an aura of protection.
The hornet stings you but does no damage.
You miss the hornet.
The hornet is no longer more vulnerable to fire.
The hornet stings you but does no damage.
The hornet stings you.
You feel yourself slow down.
You barely miss the hornet. Your punch misses the hornet.
The hornet stings you.
You are poisoned.
You feel as though you will be slow longer.
The hornet stings you.
You feel as though you will be slow longer.
The hornet stings you.
You are more poisoned.
You feel as though you will be slow longer.
Casting: Scorch (safe; 3% risk of failure) Flames lash the hornet.
The hornet's fire resistance burns away.
You feel extremely sick. The hornet stings you!
You feel as though you will be slow longer.
The hornet stings you!
You feel as though you will be slow longer.
The orc wizard casts a spell.
The orc wizard flickers and vanishes for a moment.
Casting: Scorch (safe; 3% risk of failure) Flames lash the hornet.
The hornet is burned terribly!
You feel very sick. The hornet stings you.
You suddenly lose the ability to move!
The hornet stings you.
* * * LOW HITPOINT WARNING * * *
You are lethally poisoned!
You feel as though you will be slow longer.
* * * LOW HITPOINT WARNING * * *
You feel very sick. The hornet stings you!
You die...

.†#..#..#..#..###)### #.# #.#
.....#.....#.....†#.# #.# #.#
.....#.....#......#.# #.# #.#
###################.####.# #.#
....................##...# #.#
............÷.......##.### #.#
###################.##.# #.####
.....#.....#......#.##.# #.....
.....#.....#....@)#.##.##########
..#..#..#..#.†###y#.........#
†.#..#..#..#..# (#########.#
..#.....#.....# .# ##.##
..#.....#.....# (# ##...##
################### #.###.###
####.###.###.# #.# #....
#............# #.###.###
#.##.....##### ##...##


You could see a hornet (combustible).

Vanquished Creatures
  A water moccasin (D:5)
  3 ice beasts (D:5)
  An ogre (D:5)
  A centaur (D:3)
  2 phantoms (D:5)
  2 scorpions (D:5)
  9 hounds
  A jelly (D:4)
  An orc wizard (D:3)
  3 iguanas (D:5)
  A sleepcap (D:5)
  5 gnolls
  14 adders
  A shadow imp (D:4)
  2 ufetubi
  2 worms (D:3)
  3 dart slugs
  11 orcs
  13 endoplasms
  2 giant cockroaches (D:3)
  4 goblins
  5 hobgoblins
  9 quokkas
  7 ball pythons
  6 bats
  3 frilled lizards
  5 kobolds
  4 rats
121 creatures vanquished.

Vanquished Creatures (others)
  22 foxfires (D:2)
22 creatures vanquished.

Grand Total: 143 creatures vanquished

Notes
Turn   | Place    | Note
-------+----------+-------------------------------------------
     0 | D:1      | ragingrage the Draconian Cinder Acolyte began the quest for
                  | the Orb.
     0 | D:1      | Reached XP level 1. HP: 19/19 MP: 2/2
    76 | D:1      | Reached XP level 2. HP: 21/27 MP: 3/3
   169 | D:1      | Reached skill level 4 in Fighting
   250 | D:1      | Reached XP level 3. HP: 31/33 MP: 4/4
   350 | D:1      | Learned a level 2 spell: Scorch
  1185 | D:2      | Reached skill level 1 in Stealth
  1185 | D:2      | Reached XP level 4. HP: 37/41 MP: 0/5
  1636 | D:2      | Found Ifeusap's Magic Scroll Boutique.
  1639 | D:2      | Bought a scroll of blinking for 75 gold pieces
  1639 | D:2      | Bought a scroll of teleportation for 30 gold pieces
  2076 | D:3      | Reached XP level 5. HP: 47/47 MP: 4/7
  2606 | D:3      | Found a glowing golden altar of the Shining One.
  2841 | D:3      | Noticed a centaur
  2848 | D:3      | Killed a centaur
  2849 | D:3      | Reached skill level 5 in Fighting
  3285 | D:3      | Reached XP level 6. HP: 52/56 MP: 9/9
  3424 | D:4      | Found a staircase to the Ecumenical Temple.
  3435 | Temple   | Entered the Ecumenical Temple
  3702 | D:4      | Noticed Blork the orc
  4048 | D:4      | Identified the +7 hand axe "Tangac" {protect, rElec Int+6
                  | SInv Stlth-}
  4427 | D:4      | Reached skill level 5 in Fire Magic
  4745 | D:5      | Entered Level 5 of the Dungeon
  4793 | D:5      | Reached skill level 1 in Evocations
  4845 | D:5      | Found a blossoming altar of Fedhas.
  4942 | D:5      | Your scales start taking on an icy white colour.
  4942 | D:5      | Reached XP level 7. HP: 62/62 MP: 4/11
  4942 | D:5      | Gained mutation: Your flesh is cold resistant. (rC+) [White
                  | Draconian growth]
  5117 | D:5      | Reached skill level 6 in Fighting
  5319 | D:5      | Found a white marble altar of Elyvilon.
  6003 | D:5      | Reached skill level 7 in Fighting
  6027 | D:5      | Reached skill level 1 in Axes
  6129 | D:5      | Reached XP level 8. HP: 73/73 MP: 7/14
  6198 | D:5      | Reached skill level 8 in Fighting
  6464 | D:5      | Noticed a hornet
  6479 | D:5      | Paralysed by a hornet for 3 turns
  6480 | D:5      | Slain by a hornet

Illustrated notes

Levels and vault maps discovered:
D:1:      matt_arrival_los_fun, layout_rooms, grunt_decor_junction,
          due_unseen_surprise
D:2:      layout_basic, serial_shops, nicolae_shop_behind_doors,
          minmay_misc_feat_roman
D:3:      layout_basic, tso_altar
D:4:      layout_basic, temple_hall, minmay_door_square, uniq_blork_the_orc
D:5:      kennysheep_windowed_halls, layout_loops_ring, elyvilon_altar_1,
          mainiacjoe_overflow_paths
Temple:   minmay_temple_curvy_branch

Skill      XL: |  1  2  3  4  5  6  7  8 |
---------------+-------------------------+-----
Fighting       | 4 5 7 8 |  8.0
Stealth        | 1 2 |  2.0
Fire Magic     | 4 4 |  4.1
Spellcasting   | 2 3 4 |  4.0
Evocations     | 2 |  2.0
Axes           | 1 4 |  4.7
Long Blades    | |  3.0

Action                     |  1- 3 |  4- 6 |  7- 9 || total
---------------------------+-------+-------+-------++-------
  Melee: Falchion          |    76 |    49 |       ||   125
         Tailslap          |     6 |     7 |     7 ||    20
         Punch             |     1 |     1 |       ||     2
         Hand axe          |       |     3 |    49 ||    52
   Fire: Shortbow          |       |    13 |       ||    13
   Cast: Scorch            |    12 |    59 |    53 ||   124
 Invoke: Fiery Armour      |     1 |       |       ||     1
         Foxfire Swarm     |       |     1 |       ||     1
    Use: Potion            |       |     1 |       ||     1
 Armour: Skin              |    40 |    38 |    58 ||   136
  Dodge: Dodged            |    63 |    39 |    60 ||   162

Table legend: (Time is in decaauts)
 A = Elapsed time spent in this place.
 B = Non-inter-level travel time spent in this place.
 C = Inter-level travel time spent in this place.
 D = Time resting spent in this place.
 E = Time spent auto-exploring this place.
 F = Levels seen in this place.
 G = Mean time per level.
                   A        B        C        D        E       F      G
               +--------+--------+--------+--------+--------+-----+--------+
         Total |   6516 |   6304 |    212 |   1280 |   4111 |   6 | 1086.0 |
       Dungeon |   6267 |   6059 |    208 |   1280 |   3868 |   5 | 1253.4 |
        Temple |    248 |    244 |      4 |      0 |    243 |   1 |  248.0 |
               +--------+--------+--------+--------+--------+-----+--------+

Top non-repeatable levels by time:
     D:5: 1745 daAuts
     D:3: 1498 daAuts
     D:2: 1152 daAuts
     D:4: 1064 daAuts
     D:1: 806 daAuts
  Temple: 248 daAuts
